 Dungeon Crawl Stone Soup version 0.31-a0-963-ga325b2283a (webtiles) character file.

Game seed: 15249879291981765899

149 GabrielManson the Ruffian (level 5, -1/43 HPs)
             Began as a Gnoll Wanderer on Oct 25, 2023.
             Succumbed to Crazy Yiuf's poison
             ... on level 3 of the Dungeon.
             The game lasted 00:06:59 (2194 turns).

GabrielManson the Ruffian (Gnoll Wanderer)          Turns: 2194, Time: 00:07:00

Health: -1/43      AC:  6    Str: 14    XL:     5   Next: 31%
Magic:  7/7        EV: 11    Int:  9    God:
Gold:   114        SH:  0    Dex: 13    Spells: 6/6 levels left

rFire   . .          .
                       - Unarmed
rCold   . . .        (no shield)
rNeg    . . .        m - +3 leather armour
rPois   .            (no helmet)
rElec   .            (no cloak)
rCorr   .            (no gloves)
SInv    .            (no boots)
Will    .....        (no amulet)
Stlth   ++           (no ring)
HPRegen 0.27/turn    (no ring)
MPRegen 0.10/turn

%: no passive effects
@: lethally poisoned (-1 -> -18)
A: fangs 1, strong nose, distributed training
a: no special abilities


You were on level 3 of the Dungeon.
You visited 1 branch of the dungeon, and saw 3 of its levels.

You collected 114 gold pieces.

Inventory:

Hand Weapons
 a - a +0 quarterstaff
 e - a +0 dagger
Missiles
 d - 13 boomerangs (quivered)
Armour
 g - a +0 leather armour
 m - a +3 leather armour (worn)
Scrolls
 b - a scroll of blinking
 c - 3 scrolls of amnesia {unknown}
 f - 3 scrolls of teleportation
 h - a scroll of vulnerability {unknown}
 j - a scroll of brand weapon {unknown}
 k - a scroll of identify {unknown}
 n - a scroll of fog {unknown}
 o - a scroll of butterflies {unknown}
 p - a scroll of silence {unknown}
Potions
 i - 4 potions of curing {unknown}
 l - a potion of attraction {unknown}
 r - a potion of degeneration {unknown}
 s - a potion of heal wounds
 t - a potion of berserk rage {unknown}


   Skills:
 + Level 4.8 Fighting
 + Level 1.4 Short Blades
 + Level 1.4 Long Blades
 + Level 1.4 Axes
 + Level 1.4 Maces & Flails
 + Level 1.4 Polearms
 + Level 3.0 Staves
 + Level 1.4 Ranged Weapons
 + Level 4.8 Throwing
 + Level 1.4 Armour
 + Level 1.4 Dodging
 + Level 2.7 Stealth
 + Level 1.4 Shields
 + Level 6.7 Unarmed Combat
 + Level 1.4 Spellcasting
 + Level 1.1 Conjurations
 + Level 1.1 Hexes
 + Level 1.1 Summonings
 + Level 1.1 Necromancy
 + Level 1.1 Translocations
 + Level 1.1 Transmutations
 + Level 1.1 Fire Magic
 + Level 1.1 Ice Magic
 + Level 1.1 Air Magic
 + Level 1.1 Earth Magic
 + Level 1.1 Poison Magic
 + Level 1.6 Invocations
 + Level 3.0 Evocations
 + Level 1.3 Shapeshifting


You had 6 spell levels left.
You didn't know any spells.
Your spell library was empty.

Dungeon Overview and Level Annotations

Branches:
Dungeon (3/15)

Altars:

Annotations:
D:3 Crazy Yiuf


Innate Abilities, Weirdness & Mutations

You have very sharp teeth.
Your uncanny sense of smell can sniff out nearby items.
Your experience applies equally to all skills.


Message History

You are too injured to fight recklessly!
You are too injured to fight recklessly!
You are too injured to fight recklessly!
You are too injured to fight recklessly!
You are too injured to fight recklessly!
You are too injured to fight recklessly!
You are too injured to fight recklessly!
You are too injured to fight recklessly!
You are too injured to fight recklessly!
You are too injured to fight recklessly!
You are too injured to fight recklessly!
You are too injured to fight recklessly!
Okay, then.
What are your orders? t - Bark!
Orders for allies: a - Attack new target. r - Retreat! s - Stop attacking. g - Guard the area. f - Follow me.
Anything else - Cancel.
Okay, then.
Throw: throwing net
Press: ? - help, Shift-Dir - straight line, f - Crazy Yiuf
Aim: Crazy Yiuf, wielding a +3 quarterstaff of chaos and wearing a +2 cloak (63% to hit)
You throw a throwing net.
The throwing net closely misses Crazy Yiuf.
Crazy Yiuf closely misses you.
Crazy Yiuf whimpers, "Snower pontify seventy!"
Crazy Yiuf twirls on the spot.
Throw: 13 boomerangs
Press: ? - help, Shift-Dir - straight line, f/p - Crazy Yiuf
Aim: Crazy Yiuf, wielding a +3 quarterstaff of chaos and wearing a +2 cloak (63% to hit)
You throw a boomerang. The boomerang hits Crazy Yiuf.
Crazy Yiuf is moderately wounded.
Crazy Yiuf yells, "Aardvark!"
Crazy Yiuf hits you with a +3 quarterstaff of chaos!
* * * LOW HITPOINT WARNING * * *
You are lethally poisoned!
* * * LOW HITPOINT WARNING * * *
You feel very sick.
You die...

.# #####.##.#.#
.###.....##.#.#
.......#....#.#
.###.#+#....#.#
.###....†...#.#
........<...#.###
#####...........#
.........######.###
.###.....# #.@.###
.# #.....# ###.g.#
.# #.#'#.# ###.# .#
####### #.# .# #.#
.# #.## .# ####
♣♣##..# .# #)..#♣♣
♣♣...).# .#
#(..'.♣♣♣♣......#


You could see Crazy Yiuf.

Vanquished Creatures
  An orc wizard (D:3)
  4 adders
  A gnoll (D:1)
  A worm (D:2)
  4 orcs
  4 bats
  7 endoplasms
  5 giant cockroaches
  6 hobgoblins
  4 quokkas
  5 ball pythons
  12 frilled lizards
  8 goblins
  2 kobolds (D:1)
  8 rats
72 creatures vanquished.

Notes
Turn   | Place    | Note
-------+----------+-------------------------------------------
     0 | D:1      | GabrielManson the Gnoll Wanderer began the quest for the
                  | Orb.
     0 | D:1      | GabrielManson set off with the following items: a +0
                  | quarterstaff, a scroll of blinking, a potion of heal
                  | wounds, 9 boomerangs, a +0 dagger, a scroll of
                  | teleportation, a +0 leather armour.
     0 | D:1      | Reached XP level 1. HP: 20/20 MP: 1/1
   125 | D:1      | Reached XP level 2. HP: 20/26 MP: 2/2
   165 | D:1      | Found a faded altar of an unknown god.
   351 | D:1      | Reached XP level 3. HP: 30/31 MP: 3/3
   459 | D:1      | Reached skill level 1 in Invocations
   741 | D:1      | Reached skill level 1 in Short Blades
   741 | D:1      | Reached skill level 1 in Long Blades
   741 | D:1      | Reached skill level 1 in Axes
   741 | D:1      | Reached skill level 1 in Maces & Flails
   741 | D:1      | Reached skill level 1 in Polearms
   741 | D:1      | Reached skill level 1 in Ranged Weapons
   741 | D:1      | Reached skill level 1 in Armour
   741 | D:1      | Reached skill level 1 in Dodging
   741 | D:1      | Reached skill level 1 in Shields
   741 | D:1      | Reached skill level 1 in Spellcasting
   967 | D:2      | Reached XP level 4. HP: 38/38 MP: 5/5
   991 | D:2      | Reached skill level 1 in Shapeshifting
  1677 | D:3      | Reached skill level 1 in Conjurations
  1677 | D:3      | Reached skill level 1 in Hexes
  1677 | D:3      | Reached skill level 1 in Summonings
  1677 | D:3      | Reached skill level 1 in Necromancy
  1677 | D:3      | Reached skill level 1 in Translocations
  1677 | D:3      | Reached skill level 1 in Transmutations
  1677 | D:3      | Reached skill level 1 in Fire Magic
  1677 | D:3      | Reached skill level 1 in Ice Magic
  1677 | D:3      | Reached skill level 1 in Air Magic
  1677 | D:3      | Reached skill level 1 in Earth Magic
  1677 | D:3      | Reached skill level 1 in Poison Magic
  1798 | D:3      | Reached XP level 5. HP: 30/43 MP: 5/7
  2167 | D:3      | Found a runed translucent door.
  2168 | D:3      | Noticed Crazy Yiuf
  2194 | D:3      | Succumbed to Crazy Yiuf's poison

Illustrated notes

Levels and vault maps discovered:
D:1:      dpeg_arrival_round_c, layout_loops_cross,
          ebering_ecumenical_altar_ruins, minmay_lizard_pond
D:2:      layout_loops_ring, minmay_increasing_density
D:3:      layout_basic, st_stairs_5, uniq_crazy_yiuf_cottage

Skill      XL: |  1  2  3  4  5 |
---------------+----------------+-----
Invocations    | 1 |  1.6
Short Blades   | 1 |  1.4
Long Blades    | 1 |  1.4
Axes           | 1 |  1.4
Maces & Flails | 1 |  1.4
Polearms       | 1 |  1.4
Ranged Weapons | 1 |  1.4
Armour         | 1 |  1.4
Dodging        | 1 |  1.4
Shields        | 1 |  1.4
Spellcasting   | 1 |  1.4
Shapeshifting  | 1 |  1.3
Conjurations   | 1 |  1.1
Hexes          | 1 |  1.1
Summonings     | 1 |  1.1
Necromancy     | 1 |  1.1
Translocations | 1 |  1.1
Transmutations | 1 |  1.1
Fire Magic     | 1 |  1.1
Ice Magic      | 1 |  1.1
Air Magic      | 1 |  1.1
Earth Magic    | 1 |  1.1
Poison Magic   | 1 |  1.1
Staves         | 3 |  3.0
Evocations     | 3 |  3.0
Fighting       | |  4.8
Throwing       | |  4.8
Stealth        | |  2.7
Unarmed Combat | |  6.7

Action                     |  1- 3 |  4- 6 || total
---------------------------+-------+-------++-------
  Melee: Unarmed           |    93 |    96 ||   189
         Quarterstaff      |     5 |       ||     5
         Bite              |    10 |     7 ||    17
         Punch             |     1 |     7 ||     8
  Throw: Throwing net      |       |     1 ||     1
         Boomerang         |       |     1 ||     1
    Use: Potion            |     1 |       ||     1
   Stab: Sleeping          |     2 |     5 ||     7
 Armour: Leather armour    |    32 |    59 ||    91
  Dodge: Dodged            |    49 |    39 ||    88

Table legend: (Time is in decaauts)
 A = Elapsed time spent in this place.
 B = Non-inter-level travel time spent in this place.
 C = Inter-level travel time spent in this place.
 D = Time resting spent in this place.
 E = Time spent auto-exploring this place.
 F = Levels seen in this place.
 G = Mean time per level.
                   A        B        C        D        E       F      G
               +--------+--------+--------+--------+--------+-----+--------+
         Total |   2171 |   2129 |     42 |      1 |   1567 |   3 |  723.7 |
       Dungeon |   2171 |   2129 |     42 |      1 |   1567 |   3 |  723.7 |
               +--------+--------+--------+--------+--------+-----+--------+

Top non-repeatable levels by time:
     D:1: 837 daAuts
     D:2: 812 daAuts
     D:3: 521 daAuts
